AoeStats
← _Orca_

Nomad

508964790Analyzed
4v4 RM · 6d ago on Sep 24, 2026· 70m 31s· 8 players
Game mode
Random Map
Map size
231×231
Population
200
Speed
Normal
Resources
Standard
Victory
Conquest
Starting age
Dark Age
Ending age
Imperial Age
RankedLock teamsTeams togetherTeam positionsShared explorationLock speedFull tech treeHidden civsTurbo modeCheats
Victory
Defeat
🇫🇷 Aztecs · France
1444
+14
🇧🇩 Jurchens · Bangladesh
1410
+16
🇮🇳 Franks · India
1384
+17
🇨🇱 Celts · Chile
1305
+20
🇦🇷 Malians · Argentina
1446
-19
🇩🇴 Italians · Dominican Republic
1392
-16
1389
-16
🇵🇪 Khmer · Peru
1387
-16
Joestar
11:06 Loom
13:41 Feudal Age
18:36 Castle Age
16:42 Stone Mining
18:10 Town Watch
21:58 Wheelbarrow
45:20 Scale Barding Armor
47:29 Fishing Lines
PoLaiNas
2:59 Loom
12:19 Feudal Age
18:04 Castle Age
21:15 Double-Bit Axe
22:42 Bow Saw
27:07 Town Watch
28:08 Fletching
28:43 Ballistics
29:30 Bodkin Arrow
32:40 Treadmill Crane
32:56 Murder Holes
33:23 Padded Archer Armor
38:36 Horse Collar
40:31 Wheelbarrow
44:37 Imperial Age
43:30 Hand Cart
43:18 Heavy Plow
45:42 Conscription
45:38 Bracer
47:15 Two-Man Saw
46:45 Capped Ram
48:48 Chemistry
50:20 Elite Genoese Crossbowman
52:35 Gold Mining
56:29 Leather Archer Armor
61:52 Ring Archer Armor
eartahhj | GamingHouse
4:58 Loom
14:38 Feudal Age
15:53 Double-Bit Axe
20:00 Castle Age
18:57 Fletching
22:46 Elite Skirmisher
25:36 Horse Collar
29:19 Bow Saw
29:36 Husbandry
31:01 Wheelbarrow
37:41 Forging
37:37 Scale Barding Armor
40:43 Imperial Age
38:21 Town Watch
38:21 Fishing Lines
38:53 Medium Warships
38:55 Forging
38:50 Scale Barding Armor
42:28 Chemistry
42:02 Conscription
42:19 Ballistics
42:08 Siege Engineers
44:59 Heavy Plow
46:07 Bodkin Arrow
46:17 Light Cavalry
49:33 Bracer
49:39 Scale Barding Armor
50:24 Hand Cart
50:12 Town Patrol
51:31 Eupseong
51:47 Hussar
lobo
4:02 Loom
15:42 Feudal Age
19:17 Castle Age
18:18 Double-Bit Axe
20:29 Forging
20:24 Scale Barding Armor
20:34 Bow Saw
22:33 Wheelbarrow
22:12 Bloodlines
22:17 Husbandry
22:43 Chain Barding Armor
22:20 Fishing Lines
24:45 Town Watch
26:07 Fishing Lines
26:56 Stone Mining
26:57 Gold Mining
26:53 Horse Collar
29:00 Iron Casting
29:51 Fletching
30:35 Hand Cart
31:10 Bodkin Arrow
37:50 Imperial Age
36:49 Gold Shaft Mining
38:10 Town Patrol
38:42 Ballistics
38:19 Murder Holes
38:01 Elite Gbeto
38:43 Scale Mail Armor
39:48 Chemistry
39:17 Conscription
39:40 Stone Shaft Mining
39:59 Masonry
40:13 Chain Mail Armor
40:38 Hoardings
42:39 Plate Barding Armor
42:06 Farimba
42:28 Heavy Camel Rider
42:30 Light Cavalry
47:40 Heavy Plow
48:00 Tigui
49:27 Plate Mail Armor
50:27 Gillnets
62:19 Architecture
65:38 Crop Rotation
JOK3R_LSR
4:54 Loom
14:42 Feudal Age
15:20 Double-Bit Axe
18:14 Castle Age
16:25 Horse Collar
16:28 Fishing Lines
19:18 Bow Saw
20:18 Stone Mining
21:30 Wheelbarrow
21:44 Stone Shaft Mining
21:03 Gold Mining
21:17 Heavy Plow
24:08 Town Watch
23:51 Eagle Warrior
24:35 Scale Mail Armor
25:47 Forging
27:46 Iron Casting
30:16 Gold Shaft Mining
32:38 Chain Mail Armor
33:02 Hand Cart
38:00 Imperial Age
39:02 Garland Wars
39:45 Blast Furnace
39:16 Plate Mail Armor
39:15 Elite Eagle Warrior
41:28 Town Patrol
41:22 Fletching
44:44 Bodkin Arrow
45:14 Ballistics
45:54 Chemistry
49:10 Bracer
64:46 Caravan
67:09 Padded Archer Armor
adi.rathore
5:25 Loom
14:09 Feudal Age
17:49 Castle Age
15:49 Double-Bit Axe
16:40 Scale Barding Armor
24:30 Forging
25:38 Chain Barding Armor
26:50 Husbandry
28:45 Wheelbarrow
30:22 Hand Cart
37:37 Imperial Age
37:51 Imperial Age
36:11 Bow Saw
39:48 Fletching
40:46 Heavy Scorpion
41:50 Conscription
46:33 Plate Barding Armor
46:16 Cavalier
51:55 Iron Casting
58:14 Blast Furnace
57:11 Bodkin Arrow
Maagom5938
5:02 Loom
12:44 Feudal Age
17:30 Castle Age
16:23 Fishing Lines
17:11 Town Watch
17:23 Double-Bit Axe
19:02 Bow Saw
18:48 Stone Mining
20:26 Stone Shaft Mining
20:16 Horse Collar
23:55 Fletching
29:09 Gillnets
33:40 Forging
33:30 Scale Mail Armor
35:53 Sanctity
35:46 Fervor
38:55 Imperial Age
37:28 Wheelbarrow
38:12 Gold Mining
39:18 Iron Casting
38:58 Chain Mail Armor
40:07 Onager
42:01 Hand Cart
44:36 Blast Furnace
44:06 Plate Mail Armor
42:59 Pikeman
43:24 Gambesons
43:25 Arson
46:14 Town Patrol
48:53 Siege Engineers
49:27 Bodkin Arrow
49:32 Padded Archer Armor
50:35 Chemistry
49:55 Ballistics
50:04 Ballistics
49:55 Masonry
49:29 Elite Skirmisher
50:23 Elite Woad Raider
51:09 Capped Ram
54:19 Leather Archer Armor
55:34 Conscription
57:12 Murder Holes
57:05 Arrowslits
58:28 Heavy Plow
58:43 Furor Celtica
59:09 Hoardings
66:33 Coinage
66:14 Guilds
69:44 Ring Archer Armor
68:43 Siege Ram
69:59 Banking
69:43 Fortified Wall
69:24 Guard Tower
69:49 Clinker Construction
_Orca_
4:36 Loom
12:22 Feudal Age
14:53 Fletching
16:02 Wheelbarrow
21:50 Padded Archer Armor
26:21 Castle Age
29:37 Double-Bit Axe
30:55 Town Watch
40:45 Bow Saw
43:33 Treadmill Crane
47:46 Imperial Age
45:11 Gold Mining
45:14 Stone Mining
46:28 Scale Barding Armor
46:35 Forging
46:54 Fortified Bastions
47:32 Chain Barding Armor
48:22 Bloodlines
48:13 Husbandry
48:53 Conscription
48:53 Elite Iron Pagoda
50:49 Plate Barding Armor
51:14 Iron Casting
51:47 Light Cavalry
53:06 Hussar
54:59 Thunderclap Bombs
56:29 Blast Furnace
55:26 Bodkin Arrow
55:32 Scale Mail Armor
55:05 Elite Fire Lancer
56:04 Squires
55:50 Arson
55:51 Gambesons
63:43 Hoardings
64:14 Siege Engineers
65:10 Chemistry
64:07 Murder Holes
64:22 Masonry
64:23 Fortified Wall
65:27 Pikeman
67:04 Halberdier
69:22 Caravan
69:33 Guilds
69:54 Coinage
70:46 Bracer
71:02 Chain Mail Armor
Connection lost

Rejoining the realm…

Still unreachable

The connection could not be restored.

Session expired

The server has moved on; the page needs a fresh start.